 Dungeon Crawl Stone Soup version 0.27-a0-1359-ga2a4dfd6fd (webtiles) character file.

Game seed: 9426053263145351086

17006 dinky3 the Covert (level 12, -4/94 HPs)
             Began as a Vampire Delver on June 28, 2021.
             Was a High Priest of Wu Jian.
             Slain by a sixfirhy (5 damage)
             ... summoned by an orc high priest
             ... on level 1 of the Orcish Mines on June 29, 2021.
             The game lasted 00:47:13 (5379 turns).

dinky3 the Covert (Vampire Delver)                  Turns: 5379, Time: 00:47:14

Health: -4/94      AC: 16    Str: 12    XL:     12   Next: 15%
Magic:  12/15      EV: 14    Int: 23    God:    Wu Jian [*****.]
Gold:   556        SH:  0    Dex: 15    Spells: 2/15 levels left

rFire    + . .     SeeInvis +   a - +2 dagger (venom)
rCold    . . .     Faith    .   (no shield)
rNeg     . . .     Spirit   .   K - +5 ring mail of Action {rF++ rC- Int+6}
rPois    +         Reflect  .   (no helmet)
rElec    .         Harm     .   L - +0 cloak
rCorr    .         Rampage  .   k - +0 pair of gloves
Will     +....                  j - +2 pair of boots
Stlth    +++++.....             E - amulet of regeneration
HPRegen  1.45/turn              C - ring of poison resistance
MPRegen  0.14/turn              x - ring of ice

@: exhausted, about to teleport, healing quickly
A: alive, fangs 3, see invisible, vampiric 2
a: Exsanguinate, Renounce Religion, Wall Jump, Serpent's Lash, Heavenly Storm


You were on level 1 of the Orcish Mines.
You worshipped Wu Jian.
Wu Jian was extremely pleased with you.
You visited 3 branches of the dungeon, and saw 14 of its levels.
You also visited: Ossuary and Gauntlet.

You collected 586 gold pieces.
You spent 30 gold pieces at shops.

Inventory:

Hand Weapons
 a - a +2 dagger of venom (weapon)
 b - a +0 vampiric dagger
 e - a +0 short sword
 l - a +3 dagger of protection
 P - a +0 dagger
Missiles
 w - 9 javelins
 y - 22 poisoned darts (quivered)
 B - 9 curare-tipped darts
 J - a throwing net
Armour
 j - a +2 pair of boots (worn)
 k - a +0 pair of gloves (worn)
 m - a +0 leather armour
 K - the +5 ring mail of Action (worn) {rF++ rC- Int+6}
   (You found it in a Gauntlet)

   Int:       It affects your intelligence (+6).
   rF:        It greatly protects you from fire.
   rC:        It makes you vulnerable to cold.
 L - a +0 cloak (worn)
 M - a +0 troll leather armour
 N - the +10 storm dragon scales of Duck's Teeth {rElec Int+3}
   (You found it in a Gauntlet)

   Int:       It affects your intelligence (+3).
   rElec:     It insulates you from electricity.
Jewellery
 p - a ring of flight
 v - a ring of magical power
 x - a ring of ice (right hand)
 A - an amulet of reflection
 C - a ring of poison resistance (left hand)
 E - an amulet of regeneration (around neck)
 H - an amulet of magic regeneration
Wands
 g - a wand of digging (3)
 t - a wand of mindburst (1)
 u - a wand of polymorph (2)
Scrolls
 c - 4 scrolls of fog
 h - 4 scrolls of immolation
 n - a scroll of teleportation
 D - a scroll of identify
 F - a scroll of acquirement
 G - a scroll of brand weapon
 I - a scroll of silence
 O - a scroll of holy word
Potions
 d - 5 potions of attraction
 f - 5 potions of haste
 i - 3 potions of brilliance
 o - 2 potions of magic
 q - 3 potions of curing
 r - 2 potions of resistance
 s - a potion of mutation


   Skills:
 + Level 8.7 Fighting
 + Level 9.9 Short Blades
 + Level 3.0 Armour
 + Level 9.1 Dodging
 + Level 14.7 Stealth
 - Level 2.0 Spellcasting
 - Level 2.0 Conjurations
 + Level 10.6 Hexes
 - Level 4.0 Ice Magic


You had 2 spell levels left.
You knew the following spells:

 Your Spells              Type           Power      Damage    Failure   Level
a - Confusing Touch       Hex            50%        N/A       1%          3
b - Tukima's Dance        Hex            50%        N/A       1%          3
c - Dazzling Flash        Conj/Hex       62%        N/A       6%          3
d - Blink                 Tloc           N/A        N/A       38%         2
e - Ensorcelled Hibernat  Hex/Ice        100%       N/A       1%          2

Your spell library contained the following spells:

 Spells                   Type           Power      Damage    Failure   Level
 Corona                   Hex            55%        N/A       1%          1
 Slow                     Hex            50%        N/A       1%          2
 Magic Dart               Conj           44%        1d5       12%         1
 Searing Ray              Conj           22%        3d3       19%         2
 Call Imp                 Summ           2%         N/A       38%         2
 Fulminant Prism          Conj/Hex       15%        3d11      21%         4
 Metabolic Englaciation   Hex/Ice        26%        N/A       36%         5
 Conjure Flame            Conj/Fire      6%         6-21      47%         3
 Mephitic Cloud           Conj/Pois/Air  5%         N/A       54%         3
 Gell's Gravitas          Tloc           1%         N/A       63%         3
 Yara's Violent Unravell  Hex/Tmut       13%        3d7       65%         5
 Iskenderun's Mystic Bla  Conj/Tloc      6%         2d4       87%         4
 Petrify                  Tmut/Erth      2%         N/A       95%         4
 Haunt                    Necr/Summ      1%         N/A       100%        7
 Malign Gateway           Summ/Tloc      1%         N/A       100%        7
 Monstrous Menagerie      Summ           1%         N/A       100%        7
 Summon Horrible Things   Summ           1%         N/A       100%        8


Dungeon Overview and Level Annotations

Branches:
Dungeon (12/15)            Temple (1/1) D:4            Lair (0/6) D:11
    Orc (2/2) D:10        Ossuary (visited)         Gauntlet (visited)
    Elf: Orc:2

Altars:
Nemelex Xobeh
Trog
Uskayaw
Wu Jian

Shops:
D:2 ?   D:6 [(   D:9 (   Orc:2 (

Annotations:
D:2 Robin
D:3 1 runed translucent door, spiderkeys's ghost, amateur OpAK
D:6 Pikel
D:8 Psyche
D:11 Erica


Innate Abilities, Weirdness & Mutations

Your natural rate of healing is accelerated.
You have razor-sharp teeth.
You have supernaturally acute eyesight. (SInv)
You are afflicted with vampirism and can become a bat while bloodless.


Message History

The orc high priest hits you from afar with a +0 glaive!
* * * LOW HITPOINT WARNING * * *
Unknown command.
As you read the scroll of teleportation, it crumbles to dust.
You feel strangely unstable.
The orc high priest hits you but does no damage.
The neqoxec hits you but does no damage.
Okay, then.
Unknown command.
You spin and attack the sixfirhy repeatedly.
You hit the sixfirhy.
The sixfirhy looks as sick as possible!
Your bite misses the sixfirhy.
The sixfirhy is lightly wounded.
You hit the sixfirhy but do no damage.
The sixfirhy looks as sick as possible!
The sixfirhy is lightly wounded.
The sixfirhy closely misses you.
The sixfirhy hits you but does no damage. x2
The orc high priest closely misses you. The sixfirhy barely misses you.
The orc warrior hits you with a +0 trident!
* * * LOW HITPOINT WARNING * * *
The orc wizard hits you with a +0 dagger.
* * * LOW HITPOINT WARNING * * *
Things that are here:
a +0 flail; 5 silver boomerangs Unknown command.
You spin and attack the orc wizard repeatedly.
You hit the orc wizard but do no damage.
The orc wizard looks even sicker.
The orc wizard is severely wounded.
You hit the orc wizard but do no damage.
The orc wizard looks as sick as possible!
The orc wizard is severely wounded.
You kill the orc warrior!
The Council accepts your kill. The sixfirhy hits you!
* * * LOW HITPOINT WARNING * * *
The sixfirhy shocks you!
* * * LOW HITPOINT WARNING * * *
The sixfirhy hits you.
You die...

§§§.§§ ###.##.#†)..............
≈§≈≈§≈≈###....................##.
§≈≈≈≈§##........[...............#
§≈..≈###...#..#.....>............
##§§# #..........)#....[........#
...# ##....#...........[[.....###
...###............<..[[.......##
..###.............#......#.#...##
.............o)3@.##.[..#....O..#
...........#34o)........##..$..h#
.................$.[....#....#.##
....................#...........#
.........#.#...$...#....##.#.#.##
.............>.#..###..#########
.........#..........#...#
..>......#..#..##.^..#.##
................#...#..#


You could see an orc high priest (extremely poisoned), a rust devil (summoned),
a sixfirhy (summoned, extremely poisoned), a neqoxec (summoned) and an orc
wizard (invisible, extremely poisoned).

Vanquished Creatures
  A minotaur (Gauntlet)
  Erolcha (Orc:1)
  A boulder beetle (D:8)
  A centaur warrior (D:11)
  3 two-headed ogres
  An orc high priest (Orc:1)
  A swamp dragon (D:11)
  An orc knight (Orc:1)
  An orc sorcerer (Orc:1)
  A centaur zombie (D:11)
  A manticore (D:12)
  Maurice (D:11)
  2 smoke demons (Gauntlet)
  A kobold demonologist (D:12)
  6 trolls
  A hornet (D:8)
  Prince Ribbit (D:6)
  2 shadows (D:10)
  A water elemental (D:11)
  Sigmund (D:3)
  A yak (D:9)
  3 wraiths
  Menkaure (D:5)
  A two-headed ogre zombie (D:10)
  4 wargs (Orc:1)
  An acid dragon (D:8)
  Purgy (D:3)
  7 orc warriors
  2 ice beasts
  3 black bears
  A sky beast (D:9)
  A necrophage (D:7)
  2 wolves (D:11)
  4 ogres
  8 centaurs
  2 lemures (D:6)
  3 phantoms
  2 kobold brigands
  A gnoll sergeant (D:10)
  4 bullfrogs
  A scorpion (D:4)
  A troll zombie (D:10)
  A water moccasin skeleton (D:7)
  5 killer bees
  3 wights
  2 electric eels (D:11)
  6 howler monkeys
  6 crimson imps (Gauntlet)
  2 jellies
  A centaur skeleton (D:7)
  7 hounds
  5 orc priests
  A gnoll shaman (D:8)
  A bullfrog skeleton (D:5)
  Jessica (D:3)
  2 iguanas
  8 orc wizards
  6 ogre zombies (D:10)
  A hound skeleton (D:5)
  3 mummies (Ossuary)
  A howler monkey zombie (D:6)
  9 gnolls
  8 adders
  A howler monkey skeleton (D:5)
  A white imp (D:6)
  3 worms
  2 dart slugs
  23 orcs
  4 bats
  5 endoplasms
  2 giant cockroaches (D:4)
  7 goblins
  8 hobgoblins
  A quokka (D:2)
  4 ball pythons
  2 frilled lizards (D:3)
  A goblin skeleton (D:10)
  7 goblin zombies
  A hobgoblin skeleton (D:10)
  7 hobgoblin zombies
  13 kobolds
  3 kobold zombies (Ossuary)
  An orc skeleton (D:10)
  17 orc zombies (D:10)
  2 rats
277 creatures vanquished.

Vanquished Creatures (collateral kills)
  A red devil (Gauntlet)
  3 wights (D:9)
4 creatures vanquished.

Vanquished Creatures (others)
  2 dancing weapons (D:9)
  2 orcs (Orc:1)
  A fungus (Orc:2)
5 creatures vanquished.

Grand Total: 286 creatures vanquished

Notes
Turn   | Place    | Note
-------+----------+-------------------------------------------
     0 | D:5      | dinky3 the Vampire Delver began the quest for the Orb.
     0 | D:5      | Reached XP level 1. HP: 17/17 MP: 1/1
    76 | D:4      | Reached XP level 2. HP: 23/23 MP: 2/2
   136 | D:3      | Noticed spiderkeys's ghost (amateur OpAK)
   139 | D:3      | Found a runed translucent door.
   190 | D:3      | Noticed Purgy
   280 | D:2      | Found a faded altar of an unknown god.
   291 | D:2      | Noticed Robin
   331 | D:2      | Gained mutation: You are afflicted with vampirism and can
                  | become a bat while bloodless. [Vampire growth]
   331 | D:2      | Reached XP level 3. HP: 14/29 MP: 3/3
   443 | D:2      | Found Kiroo's Magic Scroll Emporium.
   467 | D:2      | Bought a scroll of teleportation for 30 gold pieces
   489 | D:2      | Reached XP level 4. HP: 35/35 MP: 4/4
   493 | D:2      | Learned a level 3 spell: Confusing Touch
   595 | D:4      | Reached skill level 8 in Stealth
   738 | D:4      | Noticed a scorpion
   739 | D:4      | Noticed an ogre
   763 | D:4      | Killed a scorpion
   764 | D:4      | Reached skill level 1 in Spellcasting
   764 | D:4      | Reached skill level 1 in Hexes
   764 | D:4      | Reached XP level 5. HP: 19/41 MP: 6/6
   789 | D:4      | Found a staircase to the Ecumenical Temple.
   810 | Temple   | Entered the Ecumenical Temple
   843 | Temple   | Became a worshipper of the Wu Jian Council
   976 | D:4      | Noticed an ogre
   990 | D:4      | Killed an ogre
  1060 | D:3      | Noticed Jessica
  1062 | D:3      | Noticed Sigmund
  1192 | D:3      | Killed Sigmund
  1193 | D:3      | Reached XP level 6. HP: 47/47 MP: 3/8
  1257 | D:3      | Killed Jessica
  1322 | D:3      | Killed Purgy
  1323 | D:3      | Reached XP level 7. HP: 33/53 MP: 4/10
  1347 | D:4      | Learned a level 3 spell: Tukima's Dance
  1351 | D:4      | Learned a level 3 spell: Dazzling Flash
  1632 | D:5      | Reached * piety under Wu Jian
  1655 | D:5      | Reached skill level 1 in Conjurations
  1689 | D:5      | Noticed Menkaure
  1694 | D:5      | Killed Menkaure
  1695 | D:5      | Reached skill level 9 in Stealth
  1721 | D:6      | Noticed Prince Ribbit
  1724 | D:6      | Killed Prince Ribbit
  1725 | D:6      | Reached XP level 8. HP: 61/61 MP: 11/11
  1754 | D:6      | Found Isouha's Armour Shop.
  1759 | D:6      | Noticed Pikel
  1852 | D:6      | Found Utiriskeuja's Weapon Emporium.
  2151 | D:6      | Reached skill level 5 in Short Blades
  2203 | D:7      | Reached skill level 10 in Stealth
  2213 | D:7      | Reached skill level 5 in Dodging
  2244 | D:7      | Reached skill level 5 in Fighting
  2385 | D:7      | Reached XP level 9. HP: 65/67 MP: 12/12
  2388 | D:7      | Reached ** piety under Wu Jian
  2478 | D:8      | Noticed a boulder beetle
  2486 | D:8      | Killed a boulder beetle
  2487 | D:8      | Reached skill level 11 in Stealth
  2671 | D:8      | Noticed a manticore
  2672 | D:8      | Found a sand-covered staircase.
  2679 | Ossuary  | Entered an ossuary
  2978 | D:8      | Noticed Psyche
  3002 | D:9      | Found Tittuuzi's Weapon Boutique.
  3453 | D:9      | Noticed a two-headed ogre
  3454 | D:9      | Killed a two-headed ogre
  3455 | D:9      | Reached XP level 10. HP: 69/77 MP: 13/13
  3493 | D:9      | Learned a level 2 spell: Blink
  3496 | D:9      | Learned a level 2 spell: Ensorcelled Hibernation
  3507 | D:10     | Entered Level 10 of the Dungeon
  3524 | D:9      | Reached *** piety under Wu Jian
  3525 | D:9      | Reached skill level 12 in Stealth
  3781 | D:8      | Reached skill level 10 in Hexes
  3781 | D:8      | Reached skill level 1 in Ice Magic
  3868 | D:8      | Noticed a red ugly thing
  3869 | D:8      | Noticed a centaur warrior
  3869 | D:8      | Noticed a five-headed hydra
  3869 | D:8      | Noticed a cyclops
  3869 | D:8      | Noticed a purple ugly thing
  3869 | D:8      | Noticed a manticore
  3869 | D:8      | Noticed a five-headed hydra
  3981 | D:11     | Noticed Erica
  3994 | D:11     | Noticed Maurice
  3998 | D:11     | Found a staircase to the Lair.
  4051 | D:11     | Killed Maurice
  4116 | D:11     | Noticed a cyclops
  4117 | D:11     | Noticed a swamp dragon
  4117 | D:11     | a cyclops changed into a swamp dragon
  4220 | D:12     | Noticed a two-headed ogre
  4224 | D:12     | Killed a two-headed ogre
  4288 | D:12     | Reached skill level 13 in Stealth
  4288 | D:12     | Reached XP level 11. HP: 48/84 MP: 14/14
  4322 | D:12     | Found a gate leading to a gauntlet.
  4332 | Gauntlet | Entered a Gauntlet
  4332 | Gauntlet | Found a transporter.
  4335 | Gauntlet | Found a transporter.
  4335 | Gauntlet | Found a transporter.
  4335 | Gauntlet | Found a transporter.
  4368 | Gauntlet | Found a transporter.
  4371 | Gauntlet | Found a transporter.
  4375 | Gauntlet | Noticed a soul eater
  4400 | Gauntlet | Found a transporter.
  4412 | Gauntlet | Found a transporter.
  4414 | Gauntlet | Found a transporter.
  4414 | Gauntlet | Found a transporter.
  4445 | Gauntlet | Noticed a minotaur
  4511 | Gauntlet | Killed a minotaur
  4521 | Gauntlet | Identified the +5 ring mail of Action {rF++ rC- Int+6}
  4521 | Gauntlet | Identified the +10 storm dragon scales of Duck's Teeth
                  | {rElec Int+3}
  4689 | D:11     | Noticed a centaur warrior
  4695 | D:11     | Reached skill level 1 in Armour
  4704 | D:11     | Killed a centaur warrior
  4723 | D:11     | Killed a swamp dragon
  4737 | D:10     | Found a staircase to the Orcish Mines.
  4771 | D:10     | Reached skill level 14 in Stealth
  4794 | D:10     | Reached **** piety under Wu Jian
  4991 | D:10     | Identified a scroll of acquirement
  4995 | Orc:1    | Entered Level 1 of the Orcish Mines
  4995 | Orc:1    | Noticed an orc knight
  4995 | Orc:1    | Noticed an orc sorcerer
  4996 | Orc:1    | Noticed a swamp dragon
  4996 | Orc:1    | an orc sorcerer changed into a swamp dragon
  5016 | Orc:1    | Noticed an orc high priest
  5016 | Orc:1    | Killed an orc knight
  5020 | Orc:1    | Noticed Erolcha
  5023 | Orc:1    | Noticed a two-headed ogre
  5061 | Orc:2    | Entered Level 2 of the Orcish Mines
  5076 | Orc:2    | Noticed an orc sorcerer
  5078 | Orc:2    | Noticed a sun demon
  5108 | Orc:1    | Killed Erolcha
  5125 | Orc:1    | Noticed an orc sorcerer
  5194 | Orc:1    | Reached ***** piety under Wu Jian
  5240 | Orc:1    | Killed an orc high priest
  5241 | Orc:1    | Reached XP level 12. HP: 94/94 MP: 11/15
  5268 | Orc:1    | Killed a two-headed ogre
  5282 | Orc:1    | Noticed an orc high priest
  5308 | Orc:2    | Found Duoripo's Antique Weapon Shop.
  5379 | Orc:1    | HP: 1/94 [sixfirhy[an orc high priest] (9)]
  5379 | Orc:1    | Slain by a sixfirhy

Illustrated notes

Levels and vault maps discovered:
D:2:      layout_basic, hellmonk_ecumenical_altar_blasted, serial_shops,
          nicolae_shop_stone, uniq_robin
D:3:      layout_rooms, lightli_temple_of_fire, hellmonk_ghost_happy_afterlife,
          uniq_sigmund, uniq_purgy, uniq_jessica
D:4:      layout_loops_ring, temple_fountains, cheibrodos_sewer_entry_bend,
          minmay_puff, uniq_grinder
D:5:      layout_loops_corners, uniq_menkaure
D:6:      wander_river, layout_rooms, serial_shops,
          nicolae_shop_window_shopping, nicolae_stop_n_shop_1,
          uniq_prince_ribbit1, uniq_pikel
D:7:      layout_rooms
D:8:      minmay_the_grid_octo_2x2 [minmay_the_grid_octo_horde,
          minmay_the_grid_octo_tetromino_candy, minmay_the_grid_octo_chip,
          minmay_the_grid_octo_prize_big_c], layout_loops_ring,
          minmay_overflow_temple_star_quad, nicolae_ossuary_entry_monument,
          uniq_psyche
D:9:      layout_basic, serial_shops, nicolae_shop_statue_plus,
          columned_hall_lemuel
D:10:     layout_basic, zombieorc2_lemuel
D:11:     layout_loops_ring, erik_lair_island, serial_shops, shop, uniq_erica,
          uniq_maurice
D:12:     layout_grid_maze, gauntlet_entry_generic
Temple:   dpeg_five_rooms_temple
Orc:1:    layout_caves, nicolae_orc_bridge_out, uniq_erolcha
Orc:2:    grunt_orc_gardens, layout_caves, grunt_orc_garden, grunt_orc_garden,
          grunt_orc_garden, grunt_orc_garden, basic_altar

Skill      XL: |  1  2  3  4  5  6  7  8  9 10 11 12 |
---------------+-------------------------------------+-----
Fighting       | 3 4 5 6 7 8 |  8.7
Short Blades   | 3 4 5 7 8 9 |  9.9
Stealth        | 8 9 10 11 13 14 | 14.7
Spellcasting   | 1 2 |  2.0
Hexes          | 1 6 7 8 9 10 | 10.6
Dodging        | 3 4 5 7 8 9 |  9.1
Conjurations   | 1 2 |  2.0
Ice Magic      | 3 4 |  4.0
Armour         | 2 3 |  3.0

Action                   |  1- 3 |  4- 6 |  7- 9 | 10-12 || total
-------------------------+-------+-------+-------+-------++-------
Melee: Short sword       |    56 |       |       |       ||    56
       Bite              |     8 |     8 |    45 |   132 ||   193
       Dagger            |    29 |    73 |   463 |  1191 ||  1756
       Unarmed           |       |       |       |    33 ||    33
Throw: Dart              |       |       |       |     2 ||     2
       Throwing net      |       |       |       |     1 ||     1
 Cast: Confusing Touch   |       |     2 |    16 |    37 ||    55
       Dazzling Flash    |       |       |     6 |    20 ||    26
       Tukima's Dance    |       |       |     9 |     4 ||    13
       Ensorcelled Hiber |       |       |       |     4 ||     4
Invok: Lunge             |       |     3 |    34 |    44 ||    81
       Whirlwind         |       |       |   196 |   493 ||   689
       Serpent's Lash    |       |       |       |     7 ||     7
 Abil: Wall Jump         |       |       |     6 |    20 ||    26
Evoke: Wand              |       |       |    13 |     5 ||    18
  Use: Scroll            |     3 |       |    10 |    13 ||    26
       Potion            |       |       |       |     3 ||     3
 Stab: Sleeping          |    11 |     4 |    22 |     8 ||    45
       Confused          |       |     2 |    15 |    42 ||    59
       Invisible         |       |       |     5 |    19 ||    24
       Held in net/web   |       |       |       |     1 ||     1
Armor: Leather armour    |    22 |     9 |    52 |    38 ||   121
       Skin              |       |       |       |    40 ||    40
       Troll leather arm |       |       |       |    38 ||    38
       Ring mail         |       |       |       |   242 ||   242
Dodge: Dodged            |    71 |    36 |   189 |   604 ||   900
Block: Other             |       |       |    15 |       ||    15

Table legend: (Time is in decaauts)
 A = Elapsed time spent in this place.
 B = Non-inter-level travel time spent in this place.
 C = Inter-level travel time spent in this place.
 D = Time resting spent in this place.
 E = Time spent auto-exploring this place.
 F = Levels seen in this place.
 G = Mean time per level.
                   A        B        C        D        E       F      G
               +--------+--------+--------+--------+--------+-----+--------+
         Total |   5297 |   5241 |     56 |      0 |      0 |  16 |  331.1 |
       Dungeon |   4445 |   4389 |     56 |      0 |      0 |  11 |  404.1 |
        Temple |     64 |     64 |      0 |      0 |      0 |   1 |   64.0 |
  Orcish Mines |    360 |    360 |      0 |      0 |      0 |   2 |  180.0 |
       Ossuary |    240 |    240 |      0 |      0 |      0 |   1 |  240.0 |
      Gauntlet |    186 |    186 |      0 |      0 |      0 |   1 |  186.0 |
               +--------+--------+--------+--------+--------+-----+--------+

Top non-repeatable levels by time:
     D:4: 619 daAuts
     D:9: 590 daAuts
     D:3: 518 daAuts
    D:10: 463 daAuts
     D:8: 458 daAuts
     D:5: 427 daAuts
    D:11: 363 daAuts
   Orc:1: 319 daAuts
     D:7: 309 daAuts
     D:2: 265 daAuts
 Ossuary: 240 daAuts
     D:6: 229 daAuts
    D:12: 200 daAuts
Gauntlet: 186 daAuts
  Temple: 64 daAuts
